 Dungeon Crawl Stone Soup version 0.26.1-11-gd32895ea62 (webtiles) character file.

Game seed: 12190732392582030993

17668 Zeld the Severer (level 12, -5/96 HPs)
             Began as a Deep Dwarf Fighter on June 1, 2021.
             Was an Elder of Makhleb.
             Killed from afar by an ice statue (24 damage)
             ... with a shard of ice
             ... on level 12 of the Dungeon.
             The game lasted 00:21:03 (12446 turns).

Zeld the Severer (Deep Dwarf Fighter)              Turns: 12446, Time: 00:21:04

Health: -5/96      AC: 22    Str: 26    XL:     12   Next: 20%
Magic:  6/6        EV:  4    Int: 11    God:    Makhleb [****..]
Gold:   264        SH: 10    Dex: 12    Spells: 11/11 levels left

rFire    + . .     SeeInvis +   a - +0 war axe
rCold    . . .     Faith    .   c - +0 kite shield
rNeg     . . .     Spirit   .   i - +4 plate armour {Will+}
rPois    .         Reflect  .   z - +0 helmet
rElec    .         Harm     .   l - +0 cloak
rCorr    .         Rampage  .   I - +2 pair of gloves {Str+3}
Will     ++...                  J - +0 pair of boots
Stlth    ..........             (no amulet)
HPRegen  0.00/turn              C - ring of protection from fire
MPRegen  0.10/turn              D - ring of see invisible

@: non-regenerating
A: damage resistance, heal wounds, sense surroundings 2, no regeneration
a: Heal Wounds, Renounce Religion, Minor Destruction, Lesser Servant of Makhleb,
Major Destruction


You were on level 12 of the Dungeon.
You worshipped Makhleb.
Makhleb was greatly pleased with you.
You visited 2 branches of the dungeon, and saw 13 of its levels.

You collected 912 gold pieces.
You spent 648 gold pieces at shops.

Inventory:

Hand Weapons
 a - a +0 war axe (weapon)
Missiles
 p - 4 throwing nets
 s - 13 boomerangs
 v - 12 poisoned darts (quivered)
 G - 2 atropa-tipped darts
Armour
 c - a +0 kite shield (worn)
 i - a +4 plate armour of willpower (worn)
 l - a +0 cloak (worn)
 z - a +0 helmet (worn)
 I - a +2 pair of gloves of strength (worn)
 J - a +0 pair of boots (worn)
Jewellery
 C - a ring of protection from fire (left hand)
 D - a ring of see invisible (right hand)
Wands
 b - a wand of enslavement (7)
 d - a wand of disintegration (17)
 q - a wand of flame (43)
 t - a wand of iceblast (10)
 B - a wand of digging (12)
Scrolls
 g - 13 scrolls of remove curse
 h - a scroll of amnesia
 j - 3 scrolls of magic mapping
 o - 4 scrolls of blinking
 r - 2 scrolls of teleportation
 x - a scroll of identify
 y - 2 scrolls of enchant weapon
Potions
 e - 4 potions of heal wounds
 f - 8 potions of curing
 k - 3 potions of lignification
 m - a potion of might
 n - 4 potions of ambrosia
 u - a potion of cancellation {unknown}
 w - 7 potions of mutation {unknown}
 A - 2 potions of haste {unknown}
 E - 2 potions of brilliance {unknown}
Miscellaneous
 F - a condenser vane


   Skills:
 - Level 2.8 Fighting
 - Level 16.0 Axes
 * Level 8.4 Throwing
 - Level 3.2 Armour
 - Level 0.3 Dodging
 - Level 3.2 Shields
 * Level 11.8 Invocations
 - Level 0.5 Evocations


You had 11 spell levels left.
You didn't know any spells.
Your spell library contained the following spells:

 Spells                   Type           Power        Failure   Level
 Magic Dart               Conj           0%           100%        1
 Sandblast                Erth           0%           100%        1
 Blink                    Tloc           N/A          100%        2
 Call Imp                 Summ           0%           100%        2
 Passwall                 Tmut/Erth      0%           100%        2
 Poisonous Vapours        Pois/Air       0%           100%        2
 Slow                     Hex            0%           100%        2
 Conjure Flame            Conj/Fire      0%           100%        3
 Mephitic Cloud           Conj/Pois/Air  0%           100%        3
 Stone Arrow              Conj/Erth      0%           100%        3
 Petrify                  Tmut/Erth      0%           100%        4
 Lee's Rapid Deconstruct  Erth           0%           100%        5
 Freezing Cloud           Conj/Ice/Air   0%           100%        6


Dungeon Overview and Level Annotations

Branches:
Dungeon (12/15)            Temple (1/1) D:4            Lair (0/6) D:9
    Orc (0/2) D:11

Altars:
Ashenzari
Cheibriados
Dithmenos
Elyvilon
Fedhas
Gozag
Hepliaklqana
Kikubaaqudgha
Makhleb
Nemelex Xobeh
Okawaru
Qazlal
Ru
Sif Muna
Trog
Uskayaw
Vehumet
Wu Jian
Xom
Yredelemnul
Zin
The Shining One

Shops:
D:4 (   D:6 *   D:7 :   D:11 [   D:12 [

Annotations:
D:6 3 runed translucent doors, Patoropollo's ghost, novice DECj
D:7 exclusion: ice statue
D:12 exclusion: ice statue


Innate Abilities, Weirdness & Mutations

You are resistant to damage.
You can heal yourself by infusing magical energy.
You passively map the area around you.
You do not regenerate.


Message History

Unknown command.
You swap places.
Really walk into a travel-excluded area?
You block the ice beast's attack. The ice statue gestures at you.
You are engulfed in freezing vapours.
The ice beast hits you but does no damage.
Your hellwing is engulfed in freezing vapours.
You are engulfed in freezing vapours.
You block the ice beast's attack.
Your hellwing hits the ice beast. Your hellwing misses the ice beast.
The ice statue gestures at you. The freezing blast engulfs you!
Your neqoxec completely misses the ice beast.
You are engulfed in freezing vapours.
* * * LOW HITPOINT WARNING * * *
The ice beast hits your hellwing but does no damage.
Your hellwing hits the ice beast! x2
The ice statue gestures at you. The shard of ice hits you!!
You die...

............................#....
............................#.(..
............................#....
#############...........###.#####
..........................#......
.................!8.......#......
..........................'......
..............§..☼........#......
..............○○@§☼.......#......
...#######....§○○☼☼.....#########
...#.....#.....○☼Y4..............
...#.....#....○○○33.°#...........
...#.....'...........#...........
...#....)#...........#...........
...#.....#...........#...........
...###...###########.#..#########
.....#.............#.............


You could see an ice statue, an ice beast (summoned), a friendly hellwing
(summoned), a friendly smoke demon (summoned) and a friendly neqoxec (summoned).

Vanquished Creatures
  A fire dragon (D:9)
  Erolcha (D:10)
  3 two-headed ogres
  A death yak (D:8)
  Pikel (D:4)
  2 unseen horrors
  3 ugly things
  A deep elf mage (D:12)
  A cyclops (D:9)
  3 trolls
  Grinder (D:5)
  A hornet (D:9)
  6 yaks
  A wraith (D:11)
  3 wyverns
  Grum (D:9)
  A steam dragon (D:9)
  2 vampire mosquitoes (D:12)
  Menkaure (D:4)
  Edmund (D:4)
  2 acid dragons
  Duvessa (D:4)
  An ice beast (D:11)
  5 sky beasts
  A black bear (D:7)
  2 orc warriors (D:11)
  A necrophage (D:9)
  A phantom (D:9)
  5 ogres
  A wolf (D:9)
  3 centaurs
  A lemure (D:4)
  5 bullfrogs
  3 gnoll sergeants
  A wyvern zombie (D:9)
  Dowan (D:4)
  A wyvern skeleton (D:12)
  5 scorpions
  7 killer bees
  11 wights
  3 howler monkeys
  18 hounds
  A quasit (D:7)
  2 jellies
  3 bullfrog skeletons
  4 gnoll shamans
  7 orc priests
  5 orc wizards
  2 centaur skeletons
  3 iguanas
  4 worker ants
  3 hell rats (D:9)
  A hound skeleton (D:9)
  28 gnolls
  13 adders
  5 shadow imps
  A white imp (D:10)
  5 oozes (D:1)
  7 adder skeletons
  2 adder zombies
  A worm (D:6)
  2 dart slugs
  4 leopard geckos
  40 orcs
  A ball python (D:1)
  6 bats
  6 giant cockroaches
  9 goblins
  4 hobgoblins
  10 jackals
  4 quokkas
  6 frilled lizards
  A jackal skeleton (D:4)
  6 kobolds
  2 leopard gecko skeletons (D:4)
  A leopard gecko zombie (D:5)
  8 rats
321 creatures vanquished.

Vanquished Creatures (collateral kills)
  A boulder beetle (D:12)
  A centaur warrior (D:9)
  2 death yaks (D:8)
  2 trolls
  An orc warrior (D:11)
  A black bear (D:11)
  A bullfrog (D:11)
  A wight (D:11)
  2 orc priests (D:11)
  3 orc wizards (D:11)
  5 orcs (D:11)
20 creatures vanquished.

Vanquished Creatures (others)
  5 fungi (D:4)
5 creatures vanquished.

Grand Total: 346 creatures vanquished

Notes
Turn   | Place    | Note
-------+----------+-------------------------------------------
     0 | D:1      | Zeld the Deep Dwarf Fighter began the quest for the Orb.
     0 | D:1      | Reached XP level 1. HP: 20/20 MP: 1/1
   152 | D:1      | Reached skill level 3 in Axes
   152 | D:1      | Reached XP level 2. HP: 25/27 MP: 2/2
   489 | D:1      | Reached XP level 3. HP: 27/33 MP: 3/3
   552 | D:1      | Reached skill level 4 in Axes
   865 | D:2      | Reached XP level 4. HP: 25/40 MP: 4/4
   867 | D:2      | Reached skill level 5 in Axes
  1116 | D:2      | Found a sacrificial altar of Ru.
  1116 | D:2      | Found an ancient bone altar of Kikubaaqudgha.
  1729 | D:3      | You fall into a shaft and drop 1 floor!
  1729 | D:4      | Found a staircase to the Ecumenical Temple.
  1736 | D:4      | Reached XP level 5. HP: 32/46 MP: 4/4
  1740 | D:4      | Reached skill level 6 in Axes
  1754 | Temple   | Entered the Ecumenical Temple
  1943 | Temple   | Became a worshipper of Makhleb the Destroyer
  2079 | D:4      | Noticed Menkaure
  2087 | D:4      | Killed Menkaure
  2088 | D:4      | Reached skill level 7 in Axes
  2088 | D:4      | Reached XP level 6. HP: 32/55 MP: 4/4
  2128 | D:4      | Found Puatoad's Antique Weapon Emporium.
  2128 | D:4      | Noticed Duvessa
  2128 | D:4      | Noticed Dowan
  2152 | D:4      | Killed Duvessa
  2163 | D:4      | Killed Dowan
  2164 | D:4      | Reached skill level 8 in Axes
  2663 | D:3      | Reached XP level 7. HP: 51/61 MP: 5/5
  2823 | D:4      | Noticed Pikel
  2842 | D:4      | Killed Pikel
  2843 | D:4      | Reached skill level 10 in Axes
  2843 | D:4      | Reached XP level 8. HP: 40/68 MP: 6/6
  3091 | D:4      | Reached * piety under Makhleb
  3097 | D:4      | Noticed Edmund
  3108 | D:4      | Killed Edmund
  3138 | D:4      | Found a sparkling altar of Nemelex Xobeh.
  3339 | D:5      | Entered Level 5 of the Dungeon
  3375 | D:5      | Reached skill level 11 in Axes
  3442 | D:5      | Found a sacrificial altar of Ru.
  3968 | D:5      | Noticed Grinder
  3974 | D:5      | Paralysed by Grinder for 7 turns
  3989 | D:5      | Killed Grinder
  3990 | D:5      | Reached skill level 12 in Axes
  4436 | D:6      | Found a runed translucent gate.
  4436 | D:6      | Found a runed translucent gate.
  4437 | D:6      | Found a runed translucent gate.
  4440 | D:6      | Noticed Patoropollo's ghost (novice DECj)
  4667 | D:6      | Gained mutation: You passively map the area around you.
                  | [Deep Dwarf growth]
  4667 | D:6      | Reached XP level 9. HP: 54/74 MP: 7/7
  4761 | D:6      | Reached ** piety under Makhleb
  4873 | D:6      | Found Wuvi's Assorted Antiques.
  4884 | D:6      | Bought a black potion for 26 gold pieces
  4884 | D:6      | Bought a scroll labelled KATWAE OCOIN for 29 gold pieces
  4884 | D:6      | Bought a fluorescent wand for 116 gold pieces
  4884 | D:6      | Bought a sedimented amethyst potion for 26 gold pieces
  4884 | D:6      | Bought a scroll labelled ALYDGH HO TUMISEE for 29 gold
                  | pieces
  4884 | D:6      | Bought a scroll labelled ALYDGH HO TUMISEE for 29 gold
                  | pieces
  4884 | D:6      | Bought a scroll labelled ALYDGH HO TUMISEE for 29 gold
                  | pieces
  4995 | D:7      | Reached skill level 13 in Axes
  5064 | D:7      | Found Joiclop's Book Shoppe.
  5402 | D:7      | Reached skill level 14 in Axes
  5421 | D:7      | Noticed an ice statue
  6739 | D:8      | Found a hazy altar of Hepliaklqana.
  6781 | D:8      | Found a shimmering blue altar of Sif Muna.
  6890 | D:8      | Found a radiant altar of Vehumet.
  7141 | D:9      | Paralysed by a hornet for 2 turns
  7148 | D:9      | Paralysed by a hornet for 3 turns
  7152 | D:9      | Paralysed by a hornet for 3 turns
  7157 | D:9      | Noticed a death yak
  7162 | D:9      | Noticed a death yak
  7163 | D:9      | Noticed a death yak
  7255 | D:8      | Killed a death yak
  7256 | D:8      | Reached skill level 15 in Axes
  7256 | D:8      | Reached XP level 10. HP: 76/81 MP: 2/2
  7262 | D:8      | Killed a death yak
  7284 | D:8      | Killed a death yak
  7764 | D:9      | Noticed Grum
  7779 | D:9      | Killed Grum
  7810 | D:9      | Found a staircase to the Lair.
  7875 | D:9      | Reached *** piety under Makhleb
  7876 | D:9      | Reached skill level 16 in Axes
  8073 | D:9      | Reached skill level 1 in Invocations
  8191 | D:9      | Reached skill level 1 in Throwing
  8295 | D:9      | Noticed a fire dragon
  9104 | D:9      | Noticed a two-headed ogre
  9112 | D:9      | Killed a two-headed ogre
  9139 | D:9      | Noticed a centaur warrior
  9150 | D:9      | Reached skill level 5 in Invocations
  9155 | D:9      | Killed a centaur warrior
  9186 | D:9      | Noticed a cyclops
  9198 | D:9      | Killed a cyclops
  9350 | D:9      | Reached XP level 11. HP: 64/88 MP: 6/6
  9418 | D:9      | HP: 3/88 [fire dragon/blast of flame (46)]
  9428 | D:9      | Killed a fire dragon
  9476 | D:10     | Entered Level 10 of the Dungeon
  9515 | D:10     | Noticed Erolcha
  9525 | D:10     | Killed Erolcha
  9526 | D:10     | Reached skill level 5 in Throwing
  9545 | D:10     | Reached **** piety under Makhleb
  9578 | D:10     | Killed an unseen horror
 10025 | D:10     | Found a shadowy altar of Dithmenos.
 10239 | D:11     | Noticed a green ugly thing
 10264 | D:11     | Killed a green ugly thing
 10314 | D:11     | Reached ***** piety under Makhleb
 10338 | D:11     | Found a staircase to the Orcish Mines.
 10370 | D:11     | Reached skill level 10 in Invocations
 10476 | D:10     | Got a crystal hand axe
 10477 | D:10     | Identified the cursed +3 hand axe of Gallantry {speed,
                  | *Slow rPois Will+++ Dex-2} (You found it on level 10 of the
                  | Dungeon)
 10729 | D:11     | Found Cheibriados's Comfort Zone.
 10731 | D:11     | Found a snail-covered altar of Cheibriados.
 10986 | D:12     | Noticed a two-headed ogre
 11004 | D:12     | Killed a two-headed ogre
 11080 | D:12     | Noticed a brown ugly thing
 11092 | D:12     | Killed a brown ugly thing
 11133 | D:12     | Found Aseyl's Armour Boutique.
 11141 | D:12     | Bought a +2 pair of gloves of strength for 301 gold pieces
 11141 | D:12     | Bought a +0 pair of boots for 63 gold pieces
 11168 | D:12     | Noticed an unseen horror
 11191 | D:12     | Killed an unseen horror
 11276 | D:12     | Noticed a cyan ugly thing
 11289 | D:12     | Killed a cyan ugly thing
 11290 | D:12     | Reached XP level 12. HP: 78/96 MP: 7/7
 11377 | D:12     | Noticed a two-headed ogre
 11393 | D:12     | Killed a two-headed ogre
 11505 | D:12     | Noticed a boulder beetle
 11514 | D:12     | Killed a boulder beetle
 12446 | D:12     | Killed from afar by an ice statue

Illustrated notes

Levels and vault maps discovered:
D:1:      dpeg_arrival_fog, layout_loops_corners, hex_large
D:2:      layout_loops_cross, gammafunk_temple_overflow_wave, serial_glass,
          glass_columns_a, glass_columns_b
D:3:      layout_loops_corners
D:4:      layout_basic, minmay_temple_entry_glass, serial_shops, shop,
          serial_aquarium, aquarium_bridge_straight [aquarium_subvault_bridge,
          aquarium_subvault_wall, aquarium_subvault_bridge,
          aquarium_subvault_balcony], aquarium_window_corner, aquarium_window_1,
          aquarium_window_corner, aquarium_window_1, aquarium_view_2a,
          aquarium_pool_double, nemelex_diamond_rough_becter, uniq_menkaure,
          uniq_duvessa, uniq_pikel, uniq_edmund
D:5:      layout_basic, nicolae_ru_sacrificial_ziggurat, uniq_grinder
D:6:      layout_basic, serial_shops, nicolae_shop_overgrown_old_shop,
          gammafunk_ghost_split, hangedman_decor_lopped
D:7:      lemuel_ice_statue, layout_rooms, serial_shops, shop
D:8:      layout_rooms, nicolae_overflow_hidden_temple, kennysheep_little_box,
          minmay_hedge_maze, led_sif_pool
D:9:      minmay_the_grid_3x3 [minmay_the_grid_rooms, minmay_the_grid_eight,
          minmay_the_grid_broken_lines, minmay_the_grid_outer_diamond,
          minmay_the_grid_dragon_a, minmay_the_grid_minigrid_small,
          minmay_the_grid_paths, minmay_the_grid_mess,
          minmay_the_grid_prize_trominoes], layout_cave_pools,
          dpeg_lair_monsters, serial_gnoll_camp, gnoll_camp_mini_doghouse,
          gnoll_camp_medium_02, grums_kennel, gnoll_camp_mini_house
D:10:     layout_rooms, nicolae_dithmenos_through_a_glass_darkly, uniq_erolcha
D:11:     layout_roguey, erik_orc_4, minmay_shop_chei
D:12:     layout_grid_maze, serial_shops, shop, minivault_16
Temple:   dpeg_five_rooms_temple

Skill      XL: |  1  2  3  4  5  6  7  8  9 10 11 12 |
---------------+-------------------------------------+-----
Axes           | 3 4 5 7 8 10 12 15 16 | 16.0
Invocations    | 6 11 | 11.8
Throwing       | 4 7 8 |  8.4
Fighting       | |  2.8
Armour         | |  3.2
Dodging        | |  0.3
Shields        | |  3.2
Evocations     | |  0.5

Action                   |  1- 3 |  4- 6 |  7- 9 | 10-12 || total
-------------------------+-------+-------+-------+-------++-------
Melee: War axe           |    57 |   143 |   445 |   669 ||  1314
Invok: Minor Destruction |       |       |       |     2 ||     2
       Lesser Servant of |       |       |       |     8 ||     8
       Greater Servant o |       |       |       |     2 ||     2
 Abil: Heal Wounds       |       |     4 |    20 |    31 ||    55
Evoke: Wand              |       |       |     2 |       ||     2
  Use: Scroll            |       |       |    17 |    12 ||    29
       Potion            |       |       |     2 |       ||     2
 Stab: Distracted        |       |       |       |     9 ||     9
Armor: Scale mail        |    38 |    56 |    84 |       ||   178
       Plate armour      |       |       |   203 |   442 ||   645
Dodge: Dodged            |    23 |    39 |    89 |   108 ||   259
Block: Kite shield       |    19 |    79 |   256 |   370 ||   724
